 Dungeon Crawl Stone Soup version 0.18.1-48-g4cf74bf (webtiles) character file.

513 mopl the Sneak (level 7, -2/36 HPs)
             Began as a Vine Stalker Wanderer on Aug 29, 2016.
             Slain by a centaur
             ... wielding a +0 rapier of venom
              (6 damage)
             ... on level 5 of the Dungeon.
             The game lasted 00:07:46 (3731 turns).

mopl the Sneak (Vine Stalker Wanderer)              Turns: 3731, Time: 00:07:47

Health: -2/36      AC:  3    Str: 11    XL:     7   Next: 20%
Magic:  0/11       EV: 11    Int: 15    God:
Gold:   211        SH:  0    Dex: 16    Spells: 1 memorised, 9 levels left

rFire  . . .     SeeInvis .     a - +0 long sword
rCold  . . .     Gourm    .     e - +0 robe
rNeg   + . .     Faith    .     (no shield)
rPois  .         Spirit   +     x - +0 helmet
rElec  .         Dismiss  .     (no cloak)
rCorr  .         Reflect  .     (no gloves)
SustAt .         Harm     .     (no boots)
MR     .....                    (no amulet)
Stlth  +++.......               (no ring)
                                h - ring of positive energy

@: not resistant to hostile enchantments, fairly stealthy
A: fangs 2, regeneration 2, magic shield, antimagic bite, no device heal 3, rot
immunity
a: no special abilities


You were on level 5 of the Dungeon.
You were not hungry.

You visited 1 branch of the dungeon, and saw 5 of its levels.

You collected 211 gold pieces.

Inventory:

Hand Weapons
 a - a +0 long sword (weapon)
 b - a +2 blowgun
 n - a +0 short sword
 v - a +0 spear
Missiles
 p - 8 tomahawks (quivered)
 r - 9 poisoned needles
Armour
 e - a +0 robe (worn)
 w - a +0 ring mail
 x - a +0 helmet (worn)
Jewellery
 h - a ring of positive energy (left hand)
Scrolls
 i - 2 scrolls of teleportation {unknown}
 j - 4 scrolls of magic mapping {unknown}
 l - 3 scrolls of identify {unknown}
 m - a scroll of recharging {unknown}
 o - a scroll of fog {unknown}
 u - a scroll of fear {unknown}
 y - a scroll of enchant armour {unknown}
Books
 c - the Handbook of Translocation

   Spells                             Type                      Level
   a - Apportation                    Translocation                1
   b - Portal Projectile              Translocation                3
Comestibles
 f - 4 bread rations
 k - 8 fruits
 q - a beef jerky
 s - a slice of pizza
 t - 2 meat rations


   Skills:
 + Level 3.5 Fighting
 + Level 3.0 Short Blades
 + Level 0.5(1.9) Long Blades
   Level 1.0 Bows
 + Level 3.5 Throwing
 + Level 4.4 Stealth
 - Level 2.1 Spellcasting
 - Level 2.0 Translocations
   Level 1.0 Fire Magic
   Level 1.0 Evocations


You had 9 spell levels left.
You knew the following spells:

 Your Spells              Type           Power        Failure   Level  Hunger
a - Apportation           Tloc           #.........   12%         1    #......


Dungeon Overview and Level Annotations

Branches:
Dungeon (5/15)
 Temple: D:4-7

Altars:
Cheibriados
Elyvilon
Gozag
Ru
Zin
The Shining One

Shops:
D:2 *


Innate Abilities, Weirdness & Mutations

You have extremely sharp teeth.
You heal very quickly.
When hurt, damage is shared between your health and your magic reserves.
Your bite disrupts and absorbs the magic of your enemies.
Potions and wands cannot restore your health.
You are immune to rotting.


Message History

You feel better.
The centaur hits you with a rapier of venom.
* * * LOW HITPOINT WARNING * * *
You are poisoned.
You aren't carrying any items that you can evoke without wielding.
Unknown command.
Drink which item? (? for menu, Esc to quit)
It was a potion of cancellation.
You feel magically purged.
You feel sick.
The centaur hits you with a rapier of venom.
* * * LOW HITPOINT WARNING * * *
You are lethally poisoned!
Drink which item? (? for menu, Esc to quit)
You feel better. The centaur closely misses you.
The centaur hits you with a rapier of venom.
* * * LOW HITPOINT WARNING * * *
You are poisoned.
Drink which item? (? for menu, Esc to quit)
You feel better.
The centaur hits you with a rapier of venom!
You die...

## #. #. ..
.#####.####....
........cZ.....
#.@# #..# .##
#..# ##..###..#
#........#
########.#..###.#
#......(.##.# #.#
#........##.# #.#
#........##.###.#


You could see a centaur and a jackal skeleton.

Vanquished Creatures
  2 ogres (D:5)
  A howler monkey (D:4)
  2 orc priests (D:3)
  2 orc wizards
  Ijyb (D:3)
  A worker ant (D:4)
  2 adders (D:2)
  3 gnolls (D:4)
  2 oozes (D:3)
  A worm (D:2)
  A dart slug (D:3)
  15 orcs
  4 bats
  8 giant cockroaches
  3 goblins
  5 hobgoblins
  5 jackals (D:3)
  4 kobolds
  2 quokkas
  A ball python (D:4)
  A giant gecko skeleton (D:4)
  A giant newt (D:3)
  2 rats
69 creatures vanquished.

Notes
Turn   | Place    | Note
--------------------------------------------------------------
     0 | D:1      | mopl the Vine Stalker Wanderer began the quest for the Orb.
     0 | D:1      | mopl set off with: a curare-tipped needle, a +2 blowgun, the Handbook of Translocation, a potion of curing, a +0 robe, a bread ration
     0 | D:1      | Reached XP level 1. HP: 11/11 MP: 4/4
   159 | D:1      | Found a glowing golden altar of the Shining One.
   250 | D:1      | Reached skill level 1 in Stealth
   395 | D:1      | Reached XP level 2. HP: 15/15 MP: 6/6
   778 | D:2      | Found Gozag's Platinum Reserve.
   778 | D:2      | Found an opulent altar of Gozag.
   841 | D:2      | Reached skill level 2 in Fighting
   841 | D:2      | Reached XP level 3. HP: 7/18 MP: 3/7
   981 | D:2      | Reached skill level 2 in Throwing
  1490 | D:2      | Reached skill level 1 in Short Blades
  1542 | D:3      | Reached skill level 2 in Stealth
  1542 | D:3      | Reached XP level 4. HP: 7/23 MP: 3/8
  1836 | D:3      | Found a snail-covered altar of Cheibriados.
  2168 | D:3      | Noticed Ijyb
  2186 | D:3      | Killed Ijyb
  2186 | D:3      | Reached XP level 5. HP: 23/27 MP: 6/9
  2314 | D:3      | Reached skill level 2 in Short Blades
  2314 | D:3      | Reached skill level 3 in Stealth
  2800 | D:4      | Found a sacrificial altar of Ru.
  3123 | D:4      | Identified the Handbook of Translocation
  3125 | D:4      | Learned a level 1 spell: Apportation
  3221 | D:4      | Reached skill level 3 in Throwing
  3221 | D:4      | Gained mutation: You heal very quickly. [Vine Stalker growth]
  3221 | D:4      | Reached XP level 6. HP: 22/32 MP: 10/10
  3309 | D:4      | Reached skill level 3 in Fighting
  3395 | D:5      | Entered Level 5 of the Dungeon
  3537 | D:5      | Reached skill level 4 in Stealth
  3602 | D:5      | Found a white marble altar of Elyvilon.
  3602 | D:5      | Found a glowing silver altar of Zin.
  3602 | D:5      | Found a glowing golden altar of the Shining One.
  3657 | D:5      | Reached skill level 3 in Short Blades
  3657 | D:5      | Reached XP level 7. HP: 16/36 MP: 3/11
  3731 | D:5      | Slain by a centaur

Skill      XL: |  1  2  3  4  5  6 |
---------------+-------------------+-----
Stealth        | 1 2 3 4 |  4.4
Fighting       | 2 3 |  3.5
Throwing       | 2 3 |  3.5
Short Blades   | 1 2 3 |  3.0
Long Blades    | |  0.5
Bows           | |  1.0
Spellcasting   | |  2.1
Translocations | |  2.0
Fire Magic     | |  1.0
Evocations     | |  1.0

Action                   |  1- 3 |  4- 6 |  7- 9 || total
-------------------------+-------+-------+-------++-------
Melee: Spear             |   101 |   222 |       ||   323
       Hand axe          |     6 |       |       ||     6
       Bite              |    24 |    59 |     2 ||    85
       Long sword        |       |       |     3 ||     3
 Fire: Blowgun           |     4 |    25 |       ||    29
  Use: Potion            |       |       |     4 ||     4
 Stab: Sleeping          |     3 |    10 |       ||    13
  Eat: Chunk             |     2 |     7 |       ||     9
Armor: Robe              |     8 |    42 |       ||    50
Dodge: Dodged            |    50 |   101 |     2 ||   153
